AoeStats
← Dropkick Goose

Four Lakes

510004516Analyzed
1v1 RM · 3d ago on Sep 29, 2026· 51m 17s· 2 players
Game mode
Random Map
Map size
Tiny (2 player)
Population
200
Speed
Normal
Resources
Standard
Victory
Conquest
Starting age
Dark Age
Ending age
Imperial Age
RankedLock teamsTeams togetherTeam positionsShared explorationLock speedFull tech treeHidden civsTurbo modeCheats
Victory
Defeat
🇺🇸 Lithuanians · United States
794
+32
🇨🇴 Huns · Colombia
810
-41
Dropkick Goose
8:42 Loom
10:55 Feudal Age
11:47 Double-Bit Axe
12:32 Loom
15:13 Wheelbarrow
14:25 Horse Collar
18:49 Bloodlines
20:41 Castle Age
19:37 Scale Barding Armor
19:44 Forging
21:48 Gold Mining
22:19 Light Cavalry
23:00 Husbandry
23:12 Bow Saw
23:05 Heavy Plow
27:10 Iron Casting
27:24 Stone Mining
31:10 Chain Barding Armor
33:40 Imperial Age
34:07 Murder Holes
34:33 Ballistics
35:05 Plate Barding Armor
33:54 Cavalier
36:31 Crop Rotation
37:07 Two-Man Saw
37:27 Hand Cart
38:22 Winged Hussar
39:55 Paladin
44:08 Scale Mail Armor
43:45 Elite Leitis
44:05 Pikeman
44:45 Squires
44:42 Halberdier
45:49 Tower Shields
46:44 Conscription
46:47 Arson
48:37 Chain Mail Armor
51:55 Chemistry
50:41 Treadmill Crane
juanestatto
11:48 Feudal Age
12:55 Horse Collar
13:05 Double-Bit Axe
19:44 Fishing Lines
20:36 Gold Mining
23:11 Castle Age
23:34 Pikeman
24:15 Squires
25:52 Fletching
26:02 Padded Archer Armor
26:35 Man-at-Arms
27:52 Leather Archer Armor
27:38 Scale Mail Armor
35:45 Imperial Age
34:38 Scale Mail Armor
34:49 Forging
34:30 Arson
36:53 Scale Barding Armor
36:39 Halberdier
38:18 Gold Shaft Mining
39:00 Chain Mail Armor
40:35 Stone Mining
41:11 Ballistics
41:57 Chemistry
43:52 Long Swordsman
46:34 Bodkin Arrow
47:14 Iron Casting
46:47 Husbandry
46:58 Bloodlines
46:54 Marauders
46:22 Two-Handed Swordsman
48:18 Parthian Tactics
48:43 Wheelbarrow
48:25 Bow Saw
50:09 Bloodlines
Connection lost

Rejoining the realm…

Still unreachable

The connection could not be restored.

Session expired

The server has moved on; the page needs a fresh start.